[Event "Titled Tuesday Blitz March 07 Early 2023"]
[White "Aggelis, Nikolaos"]
[Black "Lazavik, Denis"]
[WhiteFideId "4213220"]
[BlackFideId "13515110"]
[WhiteElo "2189"]
[BlackElo "2560"]
[Result "0-1"]
[Round "02"]
[TimeControl "180+2"]
[Date "2023.03.07"]
[WhiteClock "0:00:19"]
[BlackClock "0:00:15"]

1. d4 f5 2. g3 Nf6 3. Bg2 g6 4. c3 Bg7 5. Qb3 Nc6 6. Nh3 e6 7. Nf4 Qe7 8. O-O O-O 9. Nd2 d5 10. Nf3 a5 11. Nd3 a4 12. Qc2 Ne4 13. Nfe5 Nxe5 14. Nxe5 c5 15. h4 b6 16. Bxe4 fxe4 17. Bg5 Qe8 18. Qd2 Ba6 19. Rae1 Rf5 20. Bf4 Qe7 21. Kg2 Raf8 22. Rh1 Bxe5 23. dxe5 Bb7 24. Ref1 d4 25. e3 d3 26. Qd1 Qd7 27. Qg4 Qg7 28. h5 g5 29. h6 Qg6 30. Bxg5 Rxg5 31. Qh4 Qf5 32. Kg1 d2 33. Rd1 Qxf2# 0-1


[Site "https://www.chess.com"]

[Event "Titled Tuesday Blitz March 07 Early 2023"]
[White "Hakobyan, Aram"]
[Black "Mamedov, Edgar"]
[WhiteFideId "13306677"]
[BlackFideId "13739980"]
[WhiteElo "2563"]
[BlackElo "2330"]
[Result "1-0"]
[Round "02"]
[TimeControl "180+2"]
[Date "2023.03.07"]
[WhiteClock "0:00:10"]
[BlackClock "0:00:02"]

1. e4 c5 2. Nf3 e6 3. g3 Nc6 4. Bg2 d6 5. O-O Nf6 6. Re1 Be7 7. c3 O-O 8. d4 cxd4 9. cxd4 d5 10. e5 Ne4 11. Nbd2 Nxd2 12. Bxd2 Qb6 13. Bc3 Bd7 14. h4 Bb4 15. Ng5 h6 16. Nh3 Bxc3 17. bxc3 Ne7 18. Nf4 Rac8 19. Rc1 Qb2 20. Re2 Qa3 21. Qd2 Nf5 22. Bh3 Nxd4 23. Re3 Nc6 24. Nh5 Na5 25. Ree1 Rc7 26. Qf4 Rc4 27. Qf3 Rfc8 28. Bf1 Ra4 29. Bd3 Nc4 30. Rc2 Bb5 31. Rce2 Qf8 32. Rc2 Na3 33. Rd2 Bxd3 34. Rxd3 Nc4 35. Re2 Ra6 36. Rd4 Rb6 37. Rg4 g6 38. Nf6+ Kh8 39. Qd3 Qg7 40. f4 Rb2 41. h5 Rxe2 42. Qxe2 g5 43. fxg5 hxg5 44. Qe1 Qh6 45. Nd7 Rd8 46. Nf6 Rc8 47. Qe2 Rd8 48. Rd4 Rc8 49. Kg2 g4 50. Nxg4 Qg5 51. Rf4 Rg8 52. Qf3 Qxh5 53. Kg1 Qg6 54. Rf6 Qxg4 55. Rh6+ Kg7 56. Qxg4+ Kxh6 57. Qxg8 Nxe5 58. Qh8+ 1-0


[Site "https://www.chess.com"]

[Event "Titled Tuesday Blitz March 07 Early 2023"]
[White "Malek, Jan"]
[Black "Matlakov, Maxim"]
[WhiteFideId "21864080"]
[BlackFideId "4168003"]
[WhiteElo "2255"]
[BlackElo "2666"]
[Result "0-1"]
[Round "02"]
[TimeControl "180+2"]
[Date "2023.03.07"]
[WhiteClock "0:00:01"]
[BlackClock "0:00:27"]

1. b3 d5 2. Bb2 Bf5 3. Nf3 e6 4. e3 h6 5. c4 Nf6 6. Nc3 Nbd7 7. Be2 c6 8. O-O Bd6 9. d3 Bh7 10. Re1 O-O 11. Bf1 a5 12. Rc1 Re8 13. h3 Rc8 14. e4 dxe4 15. dxe4 Bf4 16. Rc2 Nc5 17. Qxd8 Rexd8 18. g3 Bc7 19. Nd2 Nd3 20. Bxd3 Rxd3 21. Na4 Rcd8 22. Bxf6 gxf6 23. Re2 b6 24. Nb2 R3d4 25. Kg2 f5 26. f3 h5 27. exf5 Bxf5 28. Ne4 Kg7 29. Na4 Rd3 30. Nb2 R3d4 31. Na4 Bg6 32. Nac3 Rd3 33. Rcd2 Be5 34. Rxd3 Rxd3 35. Na4 Bd4 36. Nb2 Bxb2 37. Rxb2 Bxe4 38. fxe4 Kf6 39. Rf2+ Ke5 40. Rxf7 Kxe4 41. Rc7 Rd2+ 42. Kf1 e5 43. Rxc6 Kf3 44. Rf6+ Kxg3 45. Ke1 Rxa2 46. Rf5 h4 47. Rxe5 Kxh3 48. Rb5 Kg2 49. Rxb6 h3 50. Rg6+ Kf3 51. Rf6+ Ke3 52. Re6+ Kd4 53. Rd6+ Kc3 54. Rh6 h2 55. Rh3+ Kb4 56. Kf1 Rb2 57. Rh4 Kxb3 58. c5 a4 59. c6 Rc2 60. Rh3+ Kb2 61. c7 Rxc7 62. Rxh2+ Rc2 63. Rh7 a3 64. Rb7+ Kc1 65. Ra7 a2 66. Ke1 Kb1 0-1


[Site "https://www.chess.com"]

[Event "Titled Tuesday Blitz March 07 Early 2023"]
[White "Alekseenko, Kirill"]
[Black "Kim, Sergey"]
[WhiteFideId "4135539"]
[BlackFideId "13700570"]
[WhiteElo "2683"]
[BlackElo "2628"]
[Result "1-0"]
[Round "02"]
[TimeControl "180+2"]
[Date "2023.03.07"]
[WhiteClock "0:00:29"]
[BlackClock "0:00:51"]

1. d4 Nf6 2. Nc3 g6 3. Bf4 d6 4. Qd2 c6 5. e4 Qc7 6. Nf3 Nbd7 7. e5 dxe5 8. Nxe5 Nxe5 9. Bxe5 Qa5 10. Bc4 Bg7 11. O-O O-O 12. Rfe1 Bf5 13. h3 Rad8 14. Rad1 b5 15. Bb3 Qb6 16. Qf4 Nh5 17. Qh2 Bxe5 18. Qxe5 Ng7 19. Qxe7 Rxd4 20. Rxd4 Qxd4 21. Rd1 Qb6 22. g4 Be6 23. Ne4 Qb8 24. Nf6+ Kh8 25. Bxe6 Nxe6 26. Nd7 Qd8 27. Qd6 Re8 28. Qxc6 Qg5 29. Qc3+ f6 30. Nxf6 1-0


[Site "https://www.chess.com"]

[Event "Titled Tuesday Blitz March 07 Early 2023"]
[White "Vargas Rodriguez, Wilver"]
[Black "Tabatabaei, M. Amin"]
[WhiteFideId "3509672"]
[BlackFideId "12521213"]
[WhiteElo "2238"]
[BlackElo "2575"]
[Result "0-1"]
[Round "02"]
[TimeControl "180+2"]
[Date "2023.03.07"]
[WhiteClock "0:00:10"]
[BlackClock "0:01:04"]

1. e4 e5 2. Nf3 Nc6 3. d4 exd4 4. Nxd4 Nf6 5. Nxc6 bxc6 6. Bd3 Bc5 7. O-O d6 8. Bg5 h6 9. Bh4 g5 10. Bg3 h5 11. h3 h4 12. Bh2 g4 13. hxg4 Nxg4 14. Be2 Qg5 15. Bxg4 Bxg4 16. Qd2 Qg6 17. Kh1 h3 18. f3 Be3 19. Qe2 hxg2+ 20. Qxg2 Bf4 21. Qxg4 Rxh2+ 22. Kg1 Qh6 23. Nc3 Be3+ 24. Rf2 Rh1+ 25. Kg2 Qh2# 0-1


[Site "https://www.chess.com"]

[Event "Titled Tuesday Blitz March 07 Early 2023"]
[White "Fedoseev, Vladimir"]
[Black "Vlassov, Nikolai"]
[WhiteFideId "24130737"]
[BlackFideId "4103360"]
[WhiteElo "2752"]
[BlackElo "2324"]
[Result "1-0"]
[Round "02"]
[TimeControl "180+2"]
[Date "2023.03.07"]
[WhiteClock "0:00:49"]
[BlackClock "0:00:02"]

1. e4 Nc6 2. d4 d5 3. e5 h5 4. c3 Bg4 5. Qb3 Na5 6. Qa4+ c6 7. Bd3 e6 8. Nd2 b5 9. Qc2 Nh6 10. Nb3 Bf5 11. Bxh6 Bxd3 12. Qxd3 Rxh6 13. Nxa5 Qxa5 14. Nf3 c5 15. dxc5 b4 16. a3 bxa3 17. b4 Qa4 18. Qd1 Qb5 19. Qe2 Qa4 20. Qa2 Qb5 21. Qxa3 Rg6 22. Qa4 Qxa4 23. Rxa4 Rxg2 24. Ke2 g5 25. h4 gxh4 26. Rxh4 Be7 27. Rxh5 Kd7 28. Nd4 Rg1 29. Rh7 Rc1 30. Kd3 Rd1+ 31. Kc2 Rf1 32. Rxf7 Ke8 33. Rf3 Kd7 34. Ra6 1-0


[Site "https://www.chess.com"]

[Event "Titled Tuesday Blitz March 07 Early 2023"]
[White "Jakubowski, Krzysztof"]
[Black "Bortnyk, Olexandr"]
[WhiteFideId "1112848"]
[BlackFideId "14120828"]
[WhiteElo "2359"]
[BlackElo "2734"]
[Result "0-1"]
[Round "02"]
[TimeControl "180+2"]
[Date "2023.03.07"]
[WhiteClock "0:00:01"]
[BlackClock "0:00:49"]

1. e4 Nf6 2. e5 Nd5 3. c4 Nb6 4. d4 d6 5. exd6 exd6 6. Nc3 Be7 7. h3 O-O 8. Bd3 Na6 9. Nf3 c6 10. O-O d5 11. c5 Nd7 12. a3 Nc7 13. Qc2 g6 14. b4 Ne6 15. Ne2 Bf6 16. Be3 a6 17. Rae1 Bg7 18. Nh2 f5 19. f4 Nf6 20. Nf3 Ne4 21. Kh1 Bd7 22. Ne5 Be8 23. Bg1 Qh4 24. Rb1 Bh6 25. Bh2 Nf2+ 26. Kg1 Ne4 27. Rf3 Kh8 28. Rbf1 Rc8 29. Kh1 Rc7 30. Qb2 Bg7 31. Ng1 Re7 32. Re3 Nxd4 33. g3 Qh6 34. Qxd4 g5 35. Ngf3 Qxh3 36. Nxg5 Bxe5 37. Qxe5+ Rxe5 38. Nxh3 Nf2+ 39. Nxf2 Rxe3 40. Kg2 Bh5 41. Rc1 Bf3+ 42. Kf1 Be4 43. Rd1 Re8 44. Bxe4 fxe4 45. a4 Rb3 46. Re1 e3 47. Ng4 d4 48. Ne5 d3 0-1


[Site "https://www.chess.com"]

[Event "Titled Tuesday Blitz March 07 Early 2023"]
[White "Oparin, Grigoriy"]
[Black "Domingo Nunez, Ruben"]
[WhiteFideId "24125890"]
[BlackFideId "22245570"]
[WhiteElo "2641"]
[BlackElo "2404"]
[Result "1-0"]
[Round "02"]
[TimeControl "180+2"]
[Date "2023.03.07"]
[WhiteClock "0:00:19"]
[BlackClock "0:00:09"]

1. e4 d6 2. d4 Nf6 3. Bd3 e5 4. c3 d5 5. dxe5 Nxe4 6. Nf3 Nc5 7. O-O Bg4 8. h3 Bh5 9. Bc2 Nc6 10. Re1 Be7 11. Bf4 Qd7 12. Nbd2 d4 13. Ne4 O-O-O 14. Nxc5 Bxc5 15. Be4 Rhe8 16. Qa4 Bg6 17. Bxc6 Qxc6 18. Qxc6 bxc6 19. cxd4 Bxd4 20. Nxd4 Rxd4 21. Be3 Ra4 22. b3 Ra5 23. f4 Rd8 24. Kf2 Kb7 25. g4 Bc2 26. Re2 Bd3 27. Rd2 Rad5 28. Rc1 Be4 29. Rxd5 Rxd5 30. Rc4 Bb1 31. a3 Bd3 32. Rc3 Be4 33. Bc5 Rd3 34. Rxd3 Bxd3 35. f5 Bc2 36. b4 Bb3 37. Ke3 a6 38. Kf4 Kc8 39. Bf8 g6 40. Kg5 Kd7 41. Kf6 Bc4 42. Bc5 Ke8 43. e6 fxe6 44. fxe6 Bd3 45. g5 Bf5 46. h4 Bg4 47. Bd4 Bf5 48. Be5 Bg4 49. Bxc7 Bf5 50. Bd6 Bg4 51. Bc5 Bf5 52. e7 Bg4 53. Kg7 Bh5 54. Kxh7 Kf7 55. Kh6 Bg4 56. e8=Q+ Kxe8 57. Kxg6 1-0


[Site "https://www.chess.com"]

[Event "Titled Tuesday Blitz March 07 Early 2023"]
[White "Maze, Sebastien"]
[Black "Kramnik, Vladimir"]
[WhiteFideId "613762"]
[BlackFideId "4101588"]
[WhiteElo "2462"]
[BlackElo "2712"]
[Result "1/2-1/2"]
[Round "02"]
[TimeControl "180+2"]
[Date "2023.03.07"]
[WhiteClock "0:00:14"]
[BlackClock "0:00:05"]

1. e4 e5 2. Nf3 Nc6 3. Bb5 Nf6 4. Nc3 Bd6 5. d3 O-O 6. a3 Nd4 7. Nxd4 exd4 8. Ne2 c5 9. O-O a6 10. Bc4 b5 11. Ba2 Bb7 12. Ng3 Bxg3 13. hxg3 Re8 14. Bg5 h6 15. Bxf6 Qxf6 16. f4 c4 17. Qg4 d5 18. e5 Qe6 19. Qh5 f5 20. exf6 Qxf6 21. Rae1 Qf7 22. Qf3 Rac8 23. f5 Rxe1 24. Rxe1 Re8 25. Rxe8+ Qxe8 26. Kf2 Qe5 27. Qf4 Qxf4+ 28. gxf4 Kf7 29. g4 Kf6 30. Kg3 h5 31. gxh5 Kxf5 32. c3 cxd3 33. Bb1 Ke4 34. f5 dxc3 35. bxc3 Bc8 36. f6 gxf6 37. h6 Bf5 38. Kf2 Kf4 39. Ba2 Kg5 40. Bxd5 Kxh6 41. Bb7 a5 42. Bc6 Kg5 43. Ke3 Bg6 44. Bxb5 f5 45. Bc6 f4+ 46. Kd2 Kg4 47. c4 f3 48. Ke3 Kg3 49. Bxf3 d2 50. Bd1 Be8 51. Kxd2 Kf4 52. Kc3 Ke5 53. Bc2 Bc6 54. Bd3 Bd7 55. Be2 Be8 56. Kd3 Kd6 57. Kd4 Bf7 58. c5+ Kc7 59. Bf3 Be6 60. Bd5 Bf5 61. Kc4 Bd7 62. Kd4 Be8 63. Ke5 Bd7 64. Kd4 Be8 65. Kc4 Bd7 66. Kc3 Be8 67. Be4 Bd7 68. Kc4 Be8 69. Bc2 Bd7 70. Kc3 Be8 71. Kd4 Bd7 72. Be4 Be8 73. Bd5 Bd7 74. Kc4 Be8 75. c6 Bxc6 76. Bxc6 Kxc6 77. a4 Kb6 78. Kd5 Kb7 79. Kc5 Ka7 80. Kb5 Kb7 81. Kxa5 Ka7 82. Kb5 Ka8 83. a5 Kb8 84. a6 Ka8 85. Ka5 Kb8 86. Kb6 Ka8 87. a7 1/2-1/2


[Site "https://www.chess.com"]

[Event "Titled Tuesday Blitz March 07 Early 2023"]
[White "Shimanov, Aleksandr"]
[Black "Zivkovic, Nemanja"]
[WhiteFideId "4198603"]
[BlackFideId "942154"]
[WhiteElo "2631"]
[BlackElo "2370"]
[Result "1-0"]
[Round "02"]
[TimeControl "180+2"]
[Date "2023.03.07"]
[WhiteClock "0:00:11"]
[BlackClock "0:00:14"]

1. c4 Nf6 2. g3 e6 3. Bg2 d5 4. Nf3 Be7 5. O-O O-O 6. b3 b6 7. Bb2 Bb7 8. e3 dxc4 9. bxc4 c5 10. d3 Nc6 11. Qe2 Qc7 12. Nc3 a6 13. Rab1 Rfd8 14. Ba1 Rab8 15. Rfd1 h6 16. Ne1 Na5 17. Bxb7 Rxb7 18. f4 Nc6 19. Nf3 b5 20. cxb5 axb5 21. Nxb5 Qa5 22. Nc3 Rxb1 23. Rxb1 Nd5 24. Nxd5 exd5 25. Rd1 Ra8 26. Rd2 Nb4 27. Bc3 Qa3 28. Bxb4 Qxb4 29. Rc2 Bf6 30. Kg2 Ra3 31. e4 dxe4 32. dxe4 Bd4 33. e5 Qb7 34. e6 fxe6 35. Qxe6+ Kh8 36. Qe8+ Kh7 37. Qe2 Re3 38. Qd1 Qe4 39. a4 Ra3 40. Rd2 Kh8 41. Qe2 Re3 42. Qf1 Ra3 43. Re2 Qd5 44. Re8+ Kh7 45. Qb1+ g6 46. Re7+ Bg7 47. Qe4 Qxe4 48. Rxe4 Ra2+ 49. Kh3 Bd4 50. Nxd4 Rxa4 51. Re7+ Kg8 52. Ne6 1-0


[Site "https://www.chess.com"]

[Event "Titled Tuesday Blitz March 07 Early 2023"]
[White "Perez Gormaz, Matias"]
[Black "Durarbayli, Vasif"]
[WhiteFideId "3406342"]
[BlackFideId "13402935"]
[WhiteElo "2362"]
[BlackElo "2543"]
[Result "0-1"]
[Round "02"]
[TimeControl "180+2"]
[Date "2023.03.07"]
[WhiteClock "0:00:05"]
[BlackClock "0:00:06"]

1. Nf3 c5 2. b3 Nc6 3. Bb2 d5 4. e3 a6 5. d4 cxd4 6. Nxd4 Nf6 7. Be2 Qc7 8. O-O Nxd4 9. Qxd4 Qxc2 10. Nd2 Qc7 11. Rac1 Qd8 12. Ba3 e6 13. Bxf8 Kxf8 14. Rc2 Bd7 15. Rfc1 Bc6 16. Nf3 Nd7 17. h4 Qe7 18. b4 f6 19. Qb2 Kf7 20. b5 axb5 21. Nd4 Ne5 22. Nxb5 Ra4 23. Nd4 Rha8 24. Qb1 Kg8 25. Rb2 R4a7 26. g3 f5 27. f4 Nd7 28. Bf1 Nf6 29. Bg2 h6 30. Bf3 Kh7 31. Qc2 Ra3 32. Kf2 Kg8 33. Rcb1 Kh7 34. Rc1 Kg8 35. Rcb1 Qd7 36. Rc1 Qd6 37. Qb1 Qd7 38. Qc2 Ne4+ 39. Bxe4 fxe4 40. Qe2 e5 41. fxe5 Qh3 42. Ke1 Qxg3+ 43. Kd2 Rf8 44. Rcc2 Rf2 45. e6 Rxe2+ 46. Nxe2 Qxe3+ 47. Kd1 Rd3+ 48. Ke1 Qh3 49. Kf2 Qxh4+ 50. Kf1 Qh3+ 51. Ke1 Qh1+ 52. Kf2 Rf3# 0-1


[Site "https://www.chess.com"]

[Event "Titled Tuesday Blitz March 07 Early 2023"]
[White "Bok, Benjamin"]
[Black "Manelyuk, Daniil"]
[WhiteFideId "1017063"]
[BlackFideId "44173920"]
[WhiteElo "2658"]
[BlackElo "2259"]
[Result "0-1"]
[Round "02"]
[TimeControl "180+2"]
[Date "2023.03.07"]
[WhiteClock "0:00:04"]
[BlackClock "0:00:17"]

1. d4 Nf6 2. c4 c5 3. Nf3 cxd4 4. Nxd4 g6 5. g3 Bg7 6. Bg2 O-O 7. Nc3 Nc6 8. O-O Nxd4 9. Qxd4 d6 10. Qd3 Bf5 11. e4 Bd7 12. Bd2 Rb8 13. h3 a6 14. a4 Bc6 15. Rab1 Qd7 16. a5 b5 17. axb6 Rxb6 18. b4 Rfb8 19. Nd5 Bxd5 20. exd5 Qc7 21. Rfc1 Nd7 22. Qe2 Bf6 23. h4 a5 24. c5 Nxc5 25. Rxc5 dxc5 26. Bf4 Qc8 27. Bxb8 Qxb8 28. b5 a4 29. Qd3 Qa7 30. Qa3 c4 31. Rb4 c3 32. Rxa4 Qc7 33. Ra7 Qc4 34. Bf1 Qxd5 35. Ra8+ Kg7 36. Rc8 Bd4 37. Rxc3 Bxc3 38. Qxc3+ e5 39. Qc7 Qd4 40. Qc2 e4 41. Qe2 Re6 42. Kg2 e3 43. f3 Rd6 44. f4 Qc5 45. Qf3 Rd2+ 46. Kh3 Rf2 47. Qd1 Qf5+ 48. g4 Qxf4 49. Bg2 e2 50. Qa1+ Qf6 51. Qe1 Qd4 52. b6 Qe3+ 53. Kh2 Qf3 54. Qa1+ f6 55. Qa7+ Kh6 56. g5+ fxg5 57. hxg5+ Kxg5 58. Qe7+ Kh6 59. Qh4+ Kg7 60. Qe7+ Qf7 61. Qe5+ Qf6 62. Qc7+ Kh6 63. Qc1+ Qg5 64. Qxg5+ Kxg5 65. b7 Rf8 66. b8=Q Rxb8 0-1


[Site "https://www.chess.com"]

[Event "Titled Tuesday Blitz March 07 Early 2023"]
[White "Leiva, Gianmarco"]
[Black "Tsydypov, Zhamsaran"]
[WhiteFideId "3804399"]
[BlackFideId "4108566"]
[WhiteElo "2345"]
[BlackElo "2584"]
[Result "0-1"]
[Round "02"]
[TimeControl "180+2"]
[Date "2023.03.07"]
[WhiteClock "0:00:02"]
[BlackClock "0:01:20"]

1. e4 c5 2. Nf3 e6 3. b3 a6 4. Bb2 b5 5. a4 b4 6. e5 Bb7 7. d3 Ne7 8. Nbd2 Nf5 9. Ne4 Qc7 10. g3 d5 11. exd6 Nxd6 12. Nxd6+ Qxd6 13. Bg2 Nd7 14. O-O Bd5 15. Nd2 f6 16. Nc4 Qc6 17. Ne3 Bxg2 18. Nxg2 Bd6 19. Re1 e5 20. Nh4 g6 21. Qf3 Qxf3 22. Nxf3 Kf7 23. Nd2 Rhe8 24. Nc4 Bc7 25. a5 Nf8 26. Bc1 Ne6 27. Be3 Red8 28. f3 Rab8 29. Kg2 Rb5 30. g4 Rd5 31. h3 Nd4 32. Bxd4 cxd4 33. Ra2 f5 34. Rf1 Kf6 35. Re1 h5 36. gxh5 gxh5 37. h4 Rd8 38. Kh3 Rg8 39. Raa1 e4 40. Rg1 Rxg1 41. Rxg1 e3 42. Kg2 Rb8 43. Kf1 Bh2 44. Rg5 Bf4 45. Rg2 Re8 46. Nb6 Kf7 47. Nd5 Bd6 48. Nb6 Be7 49. Nd5 Bxh4 50. Rh2 Bg3 51. Re2 f4 52. Kg2 Rb8 53. Nc7 Rb7 54. Nxa6 Rb5 55. Nc7 Rxa5 56. Kh3 Ke7 57. c4 dxc3 58. d4 Kd7 0-1


[Site "https://www.chess.com"]

[Event "Titled Tuesday Blitz March 07 Early 2023"]
[White "Narayanan.S.L"]
[Black "Bews, Steven"]
[WhiteFideId "5058422"]
[BlackFideId "2400529"]
[WhiteElo "2547"]
[BlackElo "2609"]
[Result "1-0"]
[Round "02"]
[TimeControl "180+2"]
[Date "2023.03.07"]
[WhiteClock "0:02:24"]
[BlackClock "0:01:27"]

1. e3 e5 2. d4 exd4 3. exd4 Nf6 4. Bd3 d5 5. h3 Bd6 6. Qf3 c6 7. Ne2 O-O 8. Bg5 Be7 9. O-O h6 10. Bf4 Be6 11. Nd2 Nbd7 12. c3 Re8 13. Rfe1 Nf8 14. Ng3 Bd6 15. Ndf1 Qc7 16. Bxh6 Ne4 17. Be3 f5 18. Nxf5 Ng6 19. Nxd6 Qxd6 20. Nd2 Rf8 21. Nxe4 dxe4 22. Qxe4 Bf5 23. Bc4+ Kh7 24. Qf3 1-0


[Site "https://www.chess.com"]

[Event "Titled Tuesday Blitz March 07 Early 2023"]
[White "Rastbod, Ali"]
[Black "Terry, Renato"]
[WhiteFideId "12567477"]
[BlackFideId "3803457"]
[WhiteElo "2211"]
[BlackElo "2579"]
[Result "1-0"]
[Round "02"]
[TimeControl "180+2"]
[Date "2023.03.07"]
[WhiteClock "0:00:07"]
[BlackClock "0:00:49"]

1. e4 e6 2. d4 d5 3. Bd3 dxe4 4. Bxe4 Nf6 5. Bf3 Nbd7 6. Nc3 c6 7. Bf4 Qb6 8. Rb1 Nd5 9. Nge2 Nxf4 10. Nxf4 Bd6 11. Nh5 O-O 12. O-O Rd8 13. Ne4 Be7 14. c3 g6 15. Nhg3 e5 16. d5 f5 17. dxc6 fxe4 18. Qd5+ Kf8 19. cxd7 Bxd7 20. Qxe4 Be6 21. Qxe5 Bxa2 22. Qh8+ Bg8 23. Ne4 Qe6 24. Rfe1 Qf7 25. Bg4 Qg7 26. Qxg7+ Kxg7 27. Bf3 Rab8 28. Rbd1 Bb3 29. Rxd8 Rxd8 30. Ng3 Bh4 31. Nf1 b6 32. g3 Bg5 33. Kg2 a6 34. h4 Bf6 35. Be2 a5 36. Bf3 a4 37. Be2 Re8 38. Ne3 Rd8 39. Bc4 Rd2 40. Bxb3 axb3 41. Rb1 b5 42. Nf1 Rc2 43. Ne3 Rd2 44. Nf1 Rd3 45. Ne3 h5 46. Kf3 Rd2 47. Nf1 Rxb2 48. Rxb2 b4 49. Rxb3 bxc3 50. Ne3 Bd4 51. Nc2 Be5 52. Ke4 Kf6 53. f4 Bd6 54. Rxc3 Ke7 55. Rc6 Kd7 56. Rxd6+ Kxd6 57. Nd4 1-0


[Site "https://www.chess.com"]

[Event "Titled Tuesday Blitz March 07 Early 2023"]
[White "Kamsky, Gata"]
[Black "Jimenez Almeida, Luis David"]
[WhiteFideId "2000024"]
[BlackFideId "22242244"]
[WhiteElo "2666"]
[BlackElo "2245"]
[Result "1-0"]
[Round "02"]
[TimeControl "180+2"]
[Date "2023.03.07"]
[WhiteClock "0:01:41"]
[BlackClock "0:01:50"]

1. d4 g6 2. c3 Bg7 3. Nf3 Nf6 4. Bf4 O-O 5. Nbd2 d5 6. e3 c5 7. h3 Nc6 8. Be2 Nd7 9. O-O e5 10. dxe5 Ndxe5 11. Nxe5 Nxe5 12. Nf3 Nc6 13. Qb3 b6 14. Rfd1 Be6 15. Ng5 Qe7 16. Qa4 Ne5 17. e4 dxe4 18. Nxe6 Qxe6 19. Qxe4 Rfe8 20. Bb5 Re7 21. Qxa8+ 1-0


[Site "https://www.chess.com"]

[Event "Titled Tuesday Blitz March 07 Early 2023"]
[White "Chylewski, Patryk"]
[Black "Demchenko, Anton"]
[WhiteFideId "1186191"]
[BlackFideId "4160258"]
[WhiteElo "2163"]
[BlackElo "2545"]
[Result "0-1"]
[Round "02"]
[TimeControl "180+2"]
[Date "2023.03.07"]
[WhiteClock "0:00:01"]
[BlackClock "0:00:11"]

1. e4 c5 2. Nf3 d6 3. c3 Nf6 4. h3 Nc6 5. Bd3 e5 6. Bc2 d5 7. d3 Bd6 8. O-O O-O 9. Re1 h6 10. Nbd2 Re8 11. a3 a5 12. a4 d4 13. Nc4 Bc7 14. Nh4 Be6 15. Bb3 Qd7 16. Qf3 Nh7 17. Qg3 Kh8 18. f4 exf4 19. Bxf4 Bxf4 20. Qxf4 g5 21. Qf3 Bxc4 22. Bxc4 gxh4 23. Qxf7 Qxf7 24. Bxf7 Rf8 25. Bd5 Nf6 26. Bxc6 bxc6 27. cxd4 cxd4 28. Rac1 Rfc8 29. Rc5 Rab8 30. Re2 Rb3 31. Rd2 Nd7 32. Rxa5 c5 33. Kf2 Ne5 34. Ke2 Rg8 35. Rxc5 Rxg2+ 36. Kd1 Rxd2+ 37. Kxd2 Rxb2+ 38. Kd1 Nxd3 39. Rd5 Rb4 40. a5 Ra4 41. Rh5 Kg7 42. Rxh4 Ne5 43. Rh5 Rxa5 44. Rf5 d3 45. Kd2 Ra2+ 46. Kc3 Rc2+ 47. Kb3 Ng6 48. Rd5 Re2 49. Rxd3 Rxe4 50. Kc2 Ne5 51. Rg3+ Kf6 52. Kd2 Kf5 53. Ra3 Rb4 54. Ke2 Rb2+ 55. Kf1 Rc2 56. Kg1 h5 57. Kf1 h4 58. Kg1 Ng6 59. Rf3+ Kg5 60. Ra3 Re2 61. Rb3 Kf5 62. Ra3 Nf4 63. Rb3 Rd2 64. Ra3 Rd3 65. Ra5+ Ke4 66. Ra4+ Kf3 67. Kh2 Rd2+ 68. Kh1 Kg3 69. Ra3+ Rd3 70. Ra1 Re3 71. Rf1 Ne2 72. Rd1 Kf3 73. Rf1+ Ke4 74. Rd1 Rxh3+ 75. Kg2 Rg3+ 76. Kf2 Nf4 77. Rf1 Kf5 78. Rh1 Kg4 79. Rh2 h3 80. Rh1 Rg2+ 81. Kf1 Kg3 82. Rxh3+ Nxh3 0-1


[Site "https://www.chess.com"]

[Event "Titled Tuesday Blitz March 07 Early 2023"]
[White "Keymer, Vincent"]
[Black "Czopor, Maciej"]
[WhiteFideId "12940690"]
[BlackFideId "21805431"]
[WhiteElo "2651"]
[BlackElo "2324"]
[Result "1-0"]
[Round "02"]
[TimeControl "180+2"]
[Date "2023.03.07"]
[WhiteClock "0:00:29"]
[BlackClock "0:00:01"]

1. a3 Nf6 2. Nf3 g6 3. b4 Bg7 4. Bb2 O-O 5. e3 b6 6. c4 Bb7 7. Be2 d6 8. O-O Nbd7 9. d3 e5 10. Nc3 Re8 11. Nd2 h5 12. h3 Nf8 13. Rc1 Ne6 14. Bf3 Bxf3 15. Qxf3 Qd7 16. Nd5 Nh7 17. Qe2 c6 18. Nc3 d5 19. b5 d4 20. bxc6 Qxc6 21. Nd5 Nc5 22. e4 Bh6 23. f4 Na4 24. Ba1 Nc3 25. Qf2 exf4 26. Nb3 Nxd5 27. cxd5 Qa4 28. Nxd4 Qxa3 29. Rc3 Qb4 30. Nc6 Qa4 31. Rc4 Qb3 32. Qd4 f6 33. d6 Nf8 34. Qxf6 1-0


[Site "https://www.chess.com"]

[Event "Titled Tuesday Blitz March 07 Early 2023"]
[White "Yelisieiev, Yevhenii"]
[Black "Steinberg, Nitzan"]
[WhiteFideId "14139642"]
[BlackFideId "2801795"]
[WhiteElo "2447"]
[BlackElo "2486"]
[Result "0-1"]
[Round "02"]
[TimeControl "180+2"]
[Date "2023.03.07"]
[WhiteClock "0:00:10"]
[BlackClock "0:01:56"]

1. d4 Nf6 2. Nf3 g6 3. g3 Bg7 4. Bg2 O-O 5. O-O c6 6. Nbd2 d5 7. a4 a5 8. c3 Bf5 9. Qb3 Qc8 10. Nh4 Be6 11. Qa3 Re8 12. e4 dxe4 13. Nxe4 Bh3 14. Re1 Bxg2 15. Nxg2 Nbd7 16. Bg5 Nxe4 17. Rxe4 e5 18. Rae1 Qc7 19. dxe5 Nxe5 20. Kh1 Qd7 21. Qb3 Nf3 22. Rxe8+ Rxe8 23. Rxe8+ Qxe8 24. Be3 Qe4 25. Qd1 Bf6 26. h3 h5 27. Qe2 Qb1+ 28. Ne1 Qxe1+ 29. Qxe1 Nxe1 30. b4 Bxc3 31. bxa5 Bxa5 32. Kh2 Nc2 33. g4 Nxe3 34. fxe3 hxg4 35. hxg4 Kf8 36. Kg3 Ke7 37. Kf4 Ke6 38. Ke4 Bb6 39. Kd3 Ke5 40. Kc4 Bxe3 41. a5 Kf4 0-1


[Site "https://www.chess.com"]

[Event "Titled Tuesday Blitz March 07 Early 2023"]
[White "Bluebaum, Matthias"]
[Black "Fiorito, Joaquin"]
[WhiteFideId "24651516"]
[BlackFideId "180173"]
[WhiteElo "2638"]
[BlackElo "2157"]
[Result "1-0"]
[Round "02"]
[TimeControl "180+2"]
[Date "2023.03.07"]
[WhiteClock "0:02:41"]
[BlackClock "0:02:16"]

1. d4 Nf6 2. c4 e6 3. Nc3 Bb4 4. e3 O-O 5. Bd2 d5 6. Nf3 b6 7. cxd5 exd5 8. Rc1 Re8 9. Ne5 Bf8 10. Bb5 Re6 11. O-O a6 12. Bd3 c5 13. f4 Re8 14. Be1 Bb7 15. Bh4 Be7 16. Bxf6 Bxf6 17. Bxh7+ Kxh7 18. Qh5+ Kg8 19. Qxf7+ Kh7 20. Qxb7 1-0


[Site "https://www.chess.com"]

[Event "Titled Tuesday Blitz March 07 Early 2023"]
[White "Odegov, Artem"]
[Black "Gholami Orimi, Mahdi"]
[WhiteFideId "34183644"]
[BlackFideId "12558486"]
[WhiteElo "2300"]
[BlackElo "2363"]
[Result "1-0"]
[Round "02"]
[TimeControl "180+2"]
[Date "2023.03.07"]
[WhiteClock "0:00:12"]
[BlackClock "0:00:10"]

1. d4 Nf6 2. c4 e6 3. Nf3 d5 4. Nc3 dxc4 5. e4 b5 6. e5 Nd5 7. Nxb5 Nb6 8. Be3 Nc6 9. Be2 Rb8 10. O-O Be7 11. Rc1 Ba6 12. Nc3 Nb4 13. a3 Nd3 14. Rc2 O-O 15. Nd2 c5 16. dxc5 Nxc5 17. Nce4 Qd5 18. Nxc5 Bxc5 19. Nxc4 Bxe3 20. Nxe3 Bxe2 21. Nxd5 Bxd1 22. Ne7+ Kh8 23. Rxd1 Rb7 24. Nc6 Nd5 25. b4 g5 26. g3 Rc8 27. Rdc1 Kg7 28. Kf1 g4 29. Ke2 h5 30. f4 gxf3+ 31. Kxf3 Rh8 32. Nd4 h4 33. g4 Kg6 34. Rd1 Ne7 35. Ne2 Kg5 36. Nf4 h3 37. Kg3 Ng6 38. Nxh3+ Kh6 39. Rc5 Kg7 40. Rf1 Rd8 41. Ng5 Rd3+ 42. Rf3 Rxf3+ 43. Nxf3 Rd7 44. a4 Rd3 45. a5 Rb3 46. b5 Ra3 47. a6 Rb3 48. h4 Ne7 49. Rc7 Nd5 50. Rxa7 Rxb5 51. Ng5 Rb3+ 52. Kf2 Rb2+ 53. Ke1 Nb4 54. Rxf7+ Kg6 55. Rf6+ Kg7 56. Nxe6+ Kh7 57. Ng5+ Kg8 58. Rf3 Ra2 59. e6 Nd5 60. h5 Rxa6 61. h6 Ra1+ 62. Kd2 Ra2+ 63. Kd3 Ra5 64. h7+ Kg7 65. Rf7+ Kg6 66. h8=Q Kxg5 1-0


[Site "https://www.chess.com"]

[Event "Titled Tuesday Blitz March 07 Early 2023"]
[White "Sjugirov, Sanan"]
[Black "Sielecki, Christof"]
[WhiteFideId "4189302"]
[BlackFideId "4620437"]
[WhiteElo "2569"]
[BlackElo "2443"]
[Result "1-0"]
[Round "02"]
[TimeControl "180+2"]
[Date "2023.03.07"]
[WhiteClock "0:00:06"]
[BlackClock "0:00:18"]

1. e4 c5 2. Nf3 a6 3. c3 d5 4. exd5 Qxd5 5. d4 e6 6. Be3 Nd7 7. c4 Qc6 8. Nc3 Ngf6 9. Be2 b6 10. Ne5 Qc7 11. Bf3 cxd4 12. Bxd4 Bb7 13. Nxd7 Nxd7 14. O-O Rd8 15. Bxb7 Qxb7 16. Qg4 h5 17. Qh3 Nf6 18. Bxf6 gxf6 19. Rad1 Rxd1 20. Rxd1 Rg8 21. f3 Qc6 22. Qxh5 Qxc4 23. Kh1 f5 24. Qh7 Rg6 25. Qh8 Ke7 26. Qe5 Qc8 27. Nd5+ 1-0


[Site "https://www.chess.com"]